[Event "*** Titled Tuesday Blitz"]
[Site "Chess.com"]
[Date "2021.02.02"]
[Round "9"]
[White "The_Machine04"]
[Black "bylavochka"]
[Result "1-0"]
[WhiteElo "2476"]
[BlackElo "2101"]
[TimeControl "180+1"]
[EndTime "11:47:07 PST"]
[Termination "The_Machine04 won by resignation"]

1. d4 Nf6 2. Bg5 e6 3. Nd2 Be7 4. e4 O-O 5. Bd3 d6 6. c3 e5 7. dxe5 dxe5 8. Bc2 Nbd7 9. Qe2 c6 10. Ngf3 h6 11. Be3 Ng4 12. h3 Nxe3 13. Qxe3 Qc7 14. O-O Re8 15. Rfd1 Bc5 16. Qe2 Nf8 17. b4 Be7 18.
Nc4 Ng6 19. Bb3 Bf8 20. a4 Be6 21. Rd2 Nf4 22. Qe3 f6 23. a5 b5 24. axb6 axb6 25.
Rxa8 Rxa8 26. Kh2 b5 27. Na5 Qf7 28. Bxe6 Qxe6 29. Nh4 c5 30. Nf5 cxb4 31. cxb4 Bxb4 32. Qg3 Qf7 33. Nxh6+ Kf8 34. Nxf7 Bxd2 35. Nb3 Bb4 36. Nh8 Ra3 37. Qg4 Rxb3 38. Qc8+ Ke7 39. Qc7+ Ke6 40.
Qc6+ Ke7 41. Qxb5 Rb2 42. Qb7+ Ke6 43. Qc6+ Ke7 44. Qc7+ Ke6 45. Qf7+ Kd6 46. Ng6 Rxf2 47. Nxf4 Rxf4 48. Qf8+ Ke6 49. Qxb4 f5 50. Qb6+ Kf7 51.
Qc7+ Kf6 52. Qd6+ Kg5 53. Qe7+ Kg6 54. Qe6+ Kg5 55. exf5 Rxf5 56. h4+ Kf4 57. g3+ Ke4 58. Qg6 1-0

[Event "*** Titled Tuesday Blitz"]
[Site "Chess.com"]
[Date "2021.02.02"]
[Round "9"]
[White "kekic76"]
[Black "kleopl"]
[Result "1-0"]
[WhiteElo "2400"]
[BlackElo "2499"]
[TimeControl "180+1"]
[EndTime "11:47:08 PST"]
[Termination "kekic76 won by resignation"]

1. e4 c6 2. d4 d5 3. Nc3 a6 4. h3 dxe4 5. Nxe4 Bf5 6. Ng3 Bg6 7. N1e2 e5 8. Be3 Nd7 9. dxe5 Nxe5 10. Nf4 Nf6 11.
Nxg6 hxg6 12. Be2 Nd5 13. Bd2 Bb4 14. c3 Bc5 15. O-O Qh4 16. Nh1 Nf4 17. Bxf4 Qxf4 18. Qc1 Qf6 19. Ng3 Qh4 20. Nh1 O-O-O 21. Qc2 f5 22.
Rad1 Rde8 23. Rd2 f4 24. Qd1 g5 25. b4 Bb6 26. a4 Kb8 27. b5 axb5 28. axb5 cxb5 29.
Rd5 g4 30. Bxg4 Nxg4 31. Qxg4 Qxg4 32. hxg4 Re2 33. Rxb5 Kc7 34. Rf5 Rhe8 35. Rxf4 R8e7 36. Ng3 Rc2 37. Nf5 Rf7 38. Rc4+ Kb8 39. Rb1 Bxf2+ 40. Kf1 g6 41. Nd6 Rd7 42. Rc8+ Ka7 43. Ra1+ Kb6 44. Nc4+ Kb5 45. Rb1+ Ka6 46. Ra8+ Ba7 47. Ra1+ Kb5 48. Na3+ Kc6 49. Nxc2 Rf7+ 50. Ke1 Bc5 51. Nd4+ Kd5 52. Rd8+ Kc4 53. Rc8 b6 54. Ra4+ Kxc3 55. Ne6 Re7 56. Rc6 Kb3 57. Re4 Bb4+ 58. Ke2 b5 59. Nd4+ Ka3 60.
Rxe7 Bxe7 61. Nxb5+ 1-0

[Event "*** Titled Tuesday Blitz"]
[Site "Chess.com"]
[Date "2021.02.02"]
[Round "9"]
[White "Orest_Vovk"]
[Black "carlocapau"]
[Result "1-0"]
[WhiteElo "2466"]
[BlackElo "2321"]
[TimeControl "180+1"]
[EndTime "11:47:08 PST"]
[Termination "Orest_Vovk won by resignation"]

1. e4 c5 2. g3 Nc6 3. Bg2 g6 4. Ne2 Bg7 5. O-O d6 6. c3 e5 7.
Na3 Nge7 8. Nc2 Bg4 9. h3 Be6 10. d4 cxd4 11. cxd4 Bc4 12. d5 Nd4 13. Ncxd4 exd4 14.
Bf4 d3 15. Nc3 O-O 16. Qd2 b5 17. Rfc1 b4 18. Nd1 Ba6 19. Bf1 f5 20. Bxd3 Bxd3 21. Qxd3 fxe4 22. Qxe4 Qd7 23. Kg2 Rae8 24. Qe6+ Qxe6 25.
dxe6 Nd5 26. Bxd6 Rf5 27. e7 Nxe7 28. Bxe7 Rxe7 29. Rc8+ Kf7 30. Ne3 Ra5 31. Nc4 Rd5 32. Rf1 Re2 33. Rc7+ Kg8 34. Rxa7 Bxb2 35. Ne3 Rdd2 36.
Kf3 Bd4 37. Ra8+ Kg7 38. Rb8 Bc3 39. Rb7+ Kg8 40. Ng4 Rxa2 41. Rd1 Red2 42. Rxd2 Rxd2 43. Ne3 Bd4 44. Rxb4 Bxe3 45. fxe3 Rh2 46. h4 Rd2 47. Rb7 Rd1 48. Kf4 Rf1+ 49. Kg5 Rg1 50. g4 Rh1 51. e4 Rg1 52. e5 h6+ 53. Kf6 Rxg4 54.
Rb8+ Kh7 55. e6 Rxh4 56. e7 Rf4+ 57. Ke5 Rf1 58. e8=Q Rd1 1-0

[Event "*** Titled Tuesday Blitz"]
[Site "Chess.com"]
[Date "2021.02.02"]
[Round "9"]
[White "Volodar_Murzin"]
[Black "J36225"]
[Result "1-0"]
[WhiteElo "2623"]
[BlackElo "2454"]
[TimeControl "180+1"]
[EndTime "11:47:12 PST"]
[Termination "Volodar_Murzin won by resignation"]

1. e4 e5 2. Nf3 Nc6 3. Bb5 a6 4. Ba4 Nf6 5. O-O Nxe4 6. d4 b5 7. Bb3 d5 8. dxe5 Be6 9. Nbd2 Bc5 10. Nxe4 dxe4 11. Bxe6 Qxd1 12. Bxf7+ Kxf7 13. Ng5+ Kg6 14. Rxd1 e3 15. Ne6 exf2+ 16. Kf1 Bb6 17. Rd7 Nxe5 18. Nf4+ Kf6 19. Nd5+ Kg6 20. Nxb6 cxb6 21. Rd6+ Kf5 22. Kxf2 Rac8 23. Rd2 Rhd8 24. Re2 Rd1 25. h3 Nd3+ 26. cxd3 Rdxc1 27. Rxc1 Rxc1 28. Ke3 b4 29. Kd4 Ra1 30.
b3 Rc1 31. Kd5 g6 32. d4 Rd1 33. Kc4 h5 34. Kd5 h4 35. Rf2+ Kg5 36. Ke5 Re1+ 37. Kd6 a5 38. d5 Rd1 39. Kc6 b5 40. d6 a4 41. d7 axb3 42. axb3 Rd3 43. Kc7 Rc3+ 44.
Kd6 Rd3+ 45. Ke7 Re3+ 46. Kf8 Rd3 47. Rf7 Kh6 48. Ke8 g5 49. d8=Q Rxd8+ 50. Kxd8 g4 51. Rb7 Kg5 52. Rxb5+ Kf4 53. Rxb4+ Kg3 54. Rxg4+ Kh2 55.
b4 Kh1 56. b5 Kh2 57. b6 Kh1 58. b7 Kh2 59. b8=Q+ Kh1 60. Rxh4 1-0

[Event "*** Titled Tuesday Blitz"]
[Site "Chess.com"]
[Date "2021.02.02"]
[Round "9"]
[White "scarabee43"]
[Black "PowerThinking2650"]
[Result "1-0"]
[WhiteElo "2574"]
[BlackElo "2378"]
[TimeControl "180+1"]
[EndTime "11:47:12 PST"]
[Termination "scarabee43 won on time"]

1. d4 Nf6 2. c4 g6 3. Nc3 Bg7 4. e4 d6 5. Nf3 O-O 6. Be2 e5 7. d5 a5 8. Bg5 h6 9. Bh4 Na6 10.
O-O Qe8 11. Nd2 Nh7 12. a3 Bd7 13. b3 h5 14. f3 Bh6 15. Rb1 Be3+ 16. Kh1 Bc5 17.
Qc1 Qb8 18. Na2 Qa7 19. b4 axb4 20. axb4 Be3 21. Qc2 f5 22. Nc3 g5 23. Be1 f4 24.
Nb5 Qb8 25. c5 dxc5 26. bxc5 Nxc5 27. Nc4 Bxb5 28. Rxb5 Bd4 29. Nxe5 Bxe5 30. Rxc5 Nf6 31. Bc3 Nd7 32. Bxe5 Nxe5 33. Rxc7 Rc8 34. Rxc8+ Qxc8 35. Qb2 Qc7 36. Rc1 Ra2 37. Qb1 Qa5 38. Qxb7 Ra1 39. Qc8+ Kg7 40. h3 Qa3 41. Rxa1 Qxa1+ 42. Kh2 Qe1 43. Qc7+ Nf7 44. Bc4 Qg3+ 45. Kg1 Qe1+ 46.
Bf1 Qe3+ 47. Kh1 Qf2 48. Qc3+ Kg6 49. Bd3 g4 50. e5+ Kg5 51. e6 gxh3 52. Qg7+ Kh4 53. exf7 Qe1+ 54. Kh2 Qg3+ 55. Qxg3+ fxg3+ 56. Kh1 hxg2+ 57.
Kxg2 1-0

[Event "*** Titled Tuesday Blitz"]
[Site "Chess.com"]
[Date "2021.02.02"]
[Round "9"]
[White "vovachesss"]
[Black "SergeiAza"]
[Result "1/2-1/2"]
[WhiteElo "2748"]
[BlackElo "2786"]
[TimeControl "180+1"]
[EndTime "11:47:13 PST"]
[Termination "Game drawn - insufficient material"]

1. e4 c5 2. c3 Nf6 3. e5 Nd5 4.
Nf3 Nc6 5. Bc4 Nb6 6. Bb3 c4 7.
Bc2 d6 8. exd6 Qxd6 9. O-O Bg4 10. Re1 O-O-O 11. Qe2 e5 12. Na3 Kb8 13. Nxc4 Nxc4 14.
Qxc4 Bxf3 15. gxf3 Be7 16. b4 Rhf8 17. b5 Na5 18.
Qe4 Qc7 19. f4 f5 20. Qxe5 Bd6 21. Qe6 Rf6 22. Qe2 Bxf4 23. d4 Rg6+ 24. Kh1 Bxh2 25. Bxf5 Rf6 26. Bh3 Bd6 27. Bg5 Qxc3 28. Qe3 Qc4 29.
Bxf6 gxf6 30. Rac1 Qxb5 31. Qe6 Nc6 32. d5 Qd3 33. dxc6 Qf3+ 34. Bg2 Qxf2 35. c7+ Bxc7 36. Rxc7 Qh4+ 37. Kg1 Qd4+ 38. Qe3 Kxc7 39. Rc1+ Kb8 40. Qxd4 Rxd4 41. Bh3 b5 42. Bf1 a6 43. Rc6 Ka7 44. Rxf6 Rd2 45. Rf2 Rxf2 46. Kxf2 Kb6 47. Ke3 Kc5 48.
Kd3 Kb4 49. Kc2 Ka3 50. Kb1 h5 51. Bh3 h4 52. Bd7 b4 53. Be6 a5 54. Ka1 a4 55.
Kb1 b3 56. axb3 axb3 57. Bf5 b2 58. Bh3 Kb3 59. Bg4 Kc3 60. Bh3 Kd4 61. Kxb2 Ke3 62. Bd7 Kf3 63. Bc8 Kg3 64. Bd7 h3 65. Bxh3 1/2-1/2

[Event "*** Titled Tuesday Blitz"]
[Site "Chess.com"]
[Date "2021.02.02"]
[Round "9"]
[White "Evgeny81"]
[Black "L1m96"]
[Result "1-0"]
[WhiteElo "2741"]
[BlackElo "2557"]
[TimeControl "180+1"]
[EndTime "11:47:13 PST"]
[Termination "Evgeny81 won by resignation"]

1. e4 e5 2. Nf3 Nc6 3. Bb5 a6 4. Ba4 Nf6 5. O-O b5 6. Bb3 Be7 7. d4 d6 8. c3 O-O 9. h3 Bb7 10.
Nbd2 Re8 11. a3 Na5 12. Bc2 exd4 13. cxd4 Bf8 14. Re1 c5 15. d5 g6 16. b4 cxb4 17.
axb4 Nc4 18. Nxc4 bxc4 19. Bb2 Bg7 20. Bc3 Qb6 21. Bd4 Qc7 22. Ra3 a5 23. bxa5 Rxa5 24.
Qa1 Rxa3 25. Qxa3 Nd7 26. Bxg7 Kxg7 27. Rb1 Ba8 28. Ba4 Rb8 29. Rxb8 Nxb8 30. Qc3+ Kg8 31. Bb5 f5 32. exf5 Bxd5 33. fxg6 hxg6 34. Nh2 Nd7 35.
Bxd7 Qxd7 36. Ng4 Qe6 37. Qf6 c3 38. Qxc3 Be4 39. Nf6+ Kf7 40. Ng4 Bf5 41. Nh6+ Ke7 42. Qg7+ Ke8 43. Nxf5 gxf5 44. Qd4 Ke7 45. Qe3 Kf7 46.
Qxe6+ Kxe6 47. Kf1 Ke5 48. Ke2 Kf4 49. g3+ Ke4 50.
f3+ Kd4 51. h4 d5 52. h5 Ke5 53. g4 Kf6 54. Ke3 Kg5 55. Kd4 fxg4 56. fxg4 Kf6 57.
Kxd5 Kg5 58. Ke4 Kxg4 59. h6 Kh5 60. h7 1-0

[Event "*** Titled Tuesday Blitz"]
[Site "Chess.com"]
[Date "2021.02.02"]
[Round "9"]
[White "Aradej"]
[Black "1977Ivan"]
[Result "1-0"]
[WhiteElo "2553"]
[BlackElo "2688"]
[TimeControl "180+1"]
[EndTime "11:47:13 PST"]
[Termination "Aradej won by resignation"]

1. d4 Nf6 2. Nf3 g6 3. e3 Bg7 4.
Be2 d6 5. O-O O-O 6. c4 e5 7.
Nc3 Qe7 8. b3 Re8 9. Bb2 c6 10.
Ba3 e4 11. Nd2 h5 12. b4 a6 13. Rb1 Bf5 14. d5 cxd5 15. Nxd5 Nxd5 16. cxd5 Nd7 17. Bb2 Bxb2 18. Rxb2 Rac8 19. Nc4 Ne5 20. Rc2 Nd3 21. Nb6 Rxc2 22. Qxc2 h4 23. Qc3 h3 24. g3 Ne5 25.
Rc1 Bg4 26. Bf1 Qf6 27. Qc2 Nf3+ 28. Kh1 Kg7 29. a4 Ng5 30. Kg1 Re5 31. Qb2 Rf5 32. Qxf6+ Kxf6 33. Rc2 Nf3+ 34. Kh1 Ne1 35. Rd2 g5 36. a5 Bf3+ 37. Kg1 g4 38. Rd4 Rh5 39. Rc4 Rh8 40. Rc7 Bg2 41. Be2 Bf3 42. Bf1 Bd1 43. Rxb7 Nf3+ 44. Kh1 Bb3 45. Rc7 Nd2 46. Be2 Nf3 47. Rc6 Ke5 48. Bxa6 Bxd5 49. Nxd5 Kxd5 50.
Bb7 Rb8 51. Rc7+ Ke6 52. a6 Rd8 53. a7 Ne1 54. a8=Q Rxa8 55. Bxa8 Nd3 56. Kg1 f5 57. b5 d5 58. b6 Kd6 59. Rc2 Nb4 60. b7 Na6 61. Rc8 1-0

[Event "*** Titled Tuesday Blitz"]
[Site "Chess.com"]
[Date "2021.02.02"]
[Round "9"]
[White "korkmaz16"]
[Black "kidagent"]
[Result "0-1"]
[WhiteElo "2385"]
[BlackElo "2287"]
[TimeControl "180+1"]
[EndTime "11:47:13 PST"]
[Termination "kidagent won by resignation"]

1. e4 c5 2. Nc3 Nc6 3. f4 e6 4.
Nf3 d5 5. Bb5 Ne7 6. exd5 exd5 7. Qe2 Be6 8. Ne5 Qd6 9. O-O O-O-O 10. Bxc6 Nxc6 11. Nb5 Qb8 12. Nxc6 bxc6 13. Na3 Bf5 14. d3 h5 15. Qf2 Bd6 16. b3 h4 17. h3 f6 18. Be3 d4 19. Bd2 Rh6 20. Nc4 Rdh8 21. a3 Rg6 22. Kh1 Rg3 23. Rg1 Be6 24. Rab1 Bd5 25.
Kh2 Rh5 26. b4 Rhg5 27. Nxd6+ Qxd6 28. bxc5 Qc7 29. Qxd4 Rxg2+ 30. Rxg2 Rxg2+ 31. Kh1 Rxd2+ 32. Kg1 Rg2+ 33. Kf1 Qe7 34. Re1 Qd7 35. Qe3 Rg3 36. Qe8+ Qxe8 37. Rxe8+ Kd7 38. Ra8 Rxh3 39. Rxa7+ Ke6 40.
Rxg7 Rf3+ 41. Ke2 Rxf4 42. c4 Bf3+ 43. Ke3 Kf5 44. a4 h3 45. Rh7 Bg2 46. a5 Rf1 47. a6 Ra1 48. a7 Kg6 49. Rh8 Rxa7 50. d4 Re7+ 51. Kf4 Rh7 52. Rxh7 Kxh7 53. Kg3 Kg6 54.
d5 Kf7 55. d6 Ke6 56. Kh2 Kd7 57.
Kg3 f5 58. Kh2 f4 59. Kg1 f3 60. Kf2 h2 0-1

[Event "*** Titled Tuesday Blitz"]
[Site "Chess.com"]
[Date "2021.02.02"]
[Round "9"]
[White "Artyom_ChessMate"]
[Black "Rsnr"]
[Result "0-1"]
[WhiteElo "2565"]
[BlackElo "2775"]
[TimeControl "180+1"]
[EndTime "11:47:14 PST"]
[Termination "Rsnr won by checkmate"]

1. e4 c6 2. d4 d5 3. exd5 cxd5 4.
Bd3 Nc6 5. c3 Qc7 6. Ne2 Bg4 7.
O-O e6 8. Qe1 Nf6 9. f3 Bh5 10.
Qh4 h6 11. Ng3 Bg6 12. Bxg6 fxg6 13. Qh3 Kf7 14. Nd2 Bd6 15. f4 Bxf4 16. Nf3 Bd6 17. Bd2 Rae8 18. Rae1 Rhf8 19. Ne5+ Kg8 20. Nxg6 Rf7 21.
Rxe6 Rxe6 22. Qxe6 Bxg3 23. hxg3 Qd7 24. Qxd7 Nxd7 25.
Re1 Nf6 26. Re6 Ne4 27. Bf4 Kh7 28. Ne5 Nxe5 29. Rxe5 g5 30. Be3 Rd7 31. g4 Nf6 32. Re6 Nxg4 33. Bf2 Kg7 34. Bg3 Kf7 35. Re2 Nf6 36. Be5 Ng4 37. Re1 Re7 38. Rf1+ Kg6 39. Rf8 Nxe5 40. dxe5 Rxe5 41. Rb8 Re7 42. Rd8 Kf5 43. Rxd5+ Ke4 44. Rd6 h5 45. Kh2 Re5 46. Rd4+ Ke3 47. Kg3 a5 48. a4 Re4 49. Rd5 Rg4+ 50. Kh2 Kf2 51. Rd2+ Ke1 52. Rd5 b6 53. Rd6 Kf2 54. Rd2+ Ke3 55. Rd6 Kf2 56. Rd2+ Ke3 57.
Rd6 Rxa4 58. Rxb6 Kf2 59. Rb5 Rh4# 0-1

[Event "*** Titled Tuesday Blitz"]
[Site "Chess.com"]
[Date "2021.02.02"]
[Round "9"]
[White "tylityli"]
[Black "WiktoriaPOL"]
[Result "0-1"]
[WhiteElo "2289"]
[BlackElo "2008"]
[TimeControl "180+1"]
[EndTime "11:47:15 PST"]
[Termination "WiktoriaPOL won on time"]

1. d4 d5 2. c4 e5 3. dxe5 d4 4. Nf3 Nc6 5. a3 a5 6. Bf4 Bc5 7. e3 dxe3 8. Qxd8+ Nxd8 9. Bxe3 Bxe3 10. fxe3 Nc6 11.
Nc3 Bg4 12. O-O-O Nge7 13. Nb5 Rc8 14. Be2 O-O 15. h3 Bxf3 16. Bxf3 Nxe5 17. Bxb7 Rb8 18. Ba6 Nxc4 19. Nxc7 Nxb2 20. Rd2 Na4 21. Rc2 Rb3 22. Nb5 Rxe3 23. Rd1 Nf5 24. Bb7 Rb3 25. Bc6 Ne3 26. Kd2 Nxd1 27. Kxd1 Nb6 28. a4 Nxa4 29. Nd4 Rb1+ 30. Kd2 Nb6 31. Ke3 a4 32.
Ra2 a3 33. Kd3 Rb2 34. Rxa3 Rd8 35. Kc3 Rb1 36. Bf3 h6 37. Nc6 Re8 38. Kc2 Rb5 39.
Ra7 Rc5+ 40. Kd3 Nd5 41. Kd4 Rxc6 42. Kxd5 Rf6 43. Rd7 Rf8 44. Ke4 Rg6 45. Kf4 Rf6+ 46. Ke5 Re6+ 47. Kf5 Rf6+ 48. Ke5 Kh7 49. Re7 Re6+ 50.
Rxe6 fxe6 51. Kxe6 Rf6+ 52. Ke5 Kg6 53. Ke4 Kg5 54.
Bg4 Kh4 55. Bf3 Kg3 56. Bg4 Rg6 57. Ke5 Rg5+ 0-1

[Event "*** Titled Tuesday Blitz"]
[Site "Chess.com"]
[Date "2021.02.02"]
[Round "9"]
[White "IceBelka"]
[Black "MPGM"]
[Result "0-1"]
[WhiteElo "2398"]
[BlackElo "2602"]
[TimeControl "180+1"]
[EndTime "11:47:16 PST"]
[Termination "MPGM won by resignation"]

1. e4 e5 2. Nf3 Nc6 3. d4 exd4 4. Nxd4 d6 5. Nc3 Nf6 6. Bc4 Be7 7. O-O O-O 8. a4 a5 9. Re1 Ne5 10. Ba2 c6 11. h3 Ng6 12. Be3 Re8 13. Qd2 Bf8 14. f3 Nh5 15. Rad1 h6 16. Bf2 Nhf4 17. Nce2 Qg5 18.
Bg3 Nxe2+ 19. Nxe2 Qf6 20. c3 d5 21. exd5 Bc5+ 22.
Kh2 Bf5 23. Nf4 Nxf4 24. Qxf4 Bc2 25. Qxf6 gxf6 26. Rxe8+ Rxe8 27. Re1 Rxe1 28. Bxe1 Bxa4 29. dxc6 Bxc6 30. Bg3 Kg7 31. Bc7 b6 32. Kg3 Kg6 33. f4 Kf5 34. Bxf7 Ke4 35. Bg6+ Ke3 36. Bb1 Kd2 37. Bd8 Kc1 38. Bf5 Kxb2 39. Bxf6 a4 40.
c4+ Kb3 41. Be6 a3 42. Ba1 Ka2 43. Bg7 Kb3 44. f5 a2 45. Ba1 Kc2 46. f6 Kb1 47.
Bc3 a1=Q 48. Bxa1 Kxa1 49. f7 Kb2 50. Kf4 Kc3 51. Kf5 Bxg2 52. Kg6 Kd4 53. Kxh6 Ke5 54. Bd5 Bxd5 55. cxd5 Kf6 56. f8=Q+ Bxf8+ 57. Kh7 b5 58. h4 b4 59. Kg8 Bd6 60. h5 Kg5 61. h6 Kxh6 0-1

[Event "*** Titled Tuesday Blitz"]
[Site "Chess.com"]
[Date "2021.02.02"]
[Round "9"]
[White "svilson23"]
[Black "flexova"]
[Result "1-0"]
[WhiteElo "2298"]
[BlackElo "2420"]
[TimeControl "180+1"]
[EndTime "11:47:16 PST"]
[Termination "svilson23 won on time"]

1. d4 Nf6 2. Bg5 c5 3. Bxf6 gxf6 4. d5 Qb6 5. b3 Bg7 6. Nf3 d6 7. c3 f5 8. e3 Nd7 9. Qc2 Nf6 10. Bc4 e6 11. a4 exd5 12. Bb5+ Bd7 13. Bxd7+ Nxd7 14. O-O Ne5 15. Nh4 O-O-O 16. Nxf5 Bf6 17. Nd2 h5 18. b4 h4 19. Rab1 Qc7 20. h3 Rhg8 21. f4 Nc4 22. Nxc4 dxc4 23. e4 Rde8 24. Kh1 Re6 25. Rbd1 Bd8 26. bxc5 Qxc5 27. Rd5 Qc6 28. Rfd1 Bc7 29. a5 Qe8 30. Qf2 Kb8 31. Qxh4 Rxe4 32. Nxd6 Bxd6 33. Rxd6 Qe7 34. Qxe7 Rxe7 35. Rd8+ Rxd8 36.
Rxd8+ Kc7 37. Rd4 Kc6 38. Rxc4+ Kb5 39. Rb4+ Kxa5 40. Kh2 b5 41. h4 Kb6 42. h5 a5 43. Rd4 a4 44. g4 f6 45. Rd2 Kc6 46.
Kg3 Kc5 47. g5 fxg5 48. fxg5 Kc4 49. g6 Kxc3 50. Rf2 b4 51. h6 Re6 52. g7 Rg6+ 53.
Kh4 Rxh6+ 54. Kg5 Rh3 55. Rg2 1-0

[Event "*** Titled Tuesday Blitz"]
[Site "Chess.com"]
[Date "2021.02.02"]
[Round "9"]
[White "Piotrek1979"]
[Black "ShahMatKanal"]
[Result "1-0"]
[WhiteElo "2357"]
[BlackElo "2476"]
[TimeControl "180+1"]
[EndTime "11:47:17 PST"]
[Termination "Piotrek1979 won on time"]

1. e4 c6 2. d4 g6 3. Nc3 d5 4.
h3 Bg7 5. Nf3 Nf6 6. Bd3 dxe4 7.
Nxe4 Nxe4 8. Bxe4 Nd7 9. O-O O-O 10. Re1 Qc7 11. Bg5 Re8 12. Qd2 Nf6 13. Bd3 a5 14.
a4 c5 15. dxc5 Qxc5 16. Bb5 Rf8 17. Re5 Qd6 18. Qxd6 exd6 19. Re2 Nd5 20. c3 Be6 21. Rd1 h6 22. Bc1 Rfd8 23. Nd4 Nc7 24. Nxe6 fxe6 25. Bd3 Kf7 26. h4 h5 27. Rde1 Re8 28. Re3 Bf6 29.
Rf3 Kg7 30. g3 Re7 31. Bh6+ Kxh6 32. Rxf6 Rg8 33. Rf4 Rgg7 34. Bc4 Rg8 35. Rd4 Rd8 36. f4 Kg7 37. Red1 d5 38. Bf1 Kf6 39. Re1 Rc8 40. Bh3 Ne8 41. Rxd5 exd5 42. Rxe7 Kxe7 43. Bxc8 b6 44.
Ba6 Nd6 45. Bd3 Kf6 46. Kf2 Ne8 47. Ke3 Nc7 48. Kd4 Kf7 49. Ke5 Ke7 50. Bxg6 b5 51. Bxh5 bxa4 52. Bd1 a3 53. bxa3 Nb5 54. Bf3 Nxa3 55.
Bxd5 Nb5 56. c4 Nc7 57. c5 a4 58. Bc4 Kd7 59. h5 1-0

[Event "*** Titled Tuesday Blitz"]
[Site "Chess.com"]
[Date "2021.02.02"]
[Round "9"]
[White "Sanyura"]
[Black "xberli"]
[Result "1-0"]
[WhiteElo "2691"]
[BlackElo "2493"]
[TimeControl "180+1"]
[EndTime "11:47:19 PST"]
[Termination "Sanyura won on time"]

1. e4 e5 2. Nf3 Nc6 3. Bb5 Nf6 4. d3 Bc5 5. c3 O-O 6. O-O Re8 7. Bg5 h6 8. Bh4 a6 9. Ba4 Ba7 10. Nbd2 d6 11. Bb3 Be6 12. h3 Na5 13. Bc2 c5 14. a3 Nc6 15. b4 cxb4 16. axb4 d5 17. exd5 Bxd5 18. Ne4 Bxe4 19. dxe4 Qxd1 20. Rfxd1 g5 21.
Bg3 Bb8 22. Nd2 Bc7 23. Nc4 Rad8 24. Ne3 Nh5 25. Nd5 Bd6 26. Rd3 Kg7 27. Rad1 Bb8 28.
h4 Ba7 29. Kh2 Rd6 30. Nc7 Rxd3 31. Nxe8+ Kf8 32. Rxd3 Kxe8 33. hxg5 hxg5 34. Bb3 Ke7 35. Ba4 b5 36. Bb3 f6 37. Bd5 Nd8 38. c4 bxc4 39.
Bxc4 Nc6 40. Bxa6 Nxb4 41. Rb3 Bc5 42. Bc4 Nf4 43. Bxf4 gxf4 44. f3 Kd6 45. Ra3 Nc6 46.
Ra6 Kc7 47. Bd5 Nb4 48. Rxf6 Bd4 49. Rf7+ Kd6 50. Bb3 Nd3 51. Kh3 Kc5 52. Bd5 Kb4 53.
Rc7 Nc5 54. Kg4 Kc3 55. Kf5 Kd3 56. Kg4 Ke3 57. g3 Nd3 58. gxf4 Nxf4 59. Rb7 Ne2 60. Rb3+ Kf2 61. Bc4 Nf4 62. Ra3 Ng2 63. Ra2+ 1-0

[Event "*** Titled Tuesday Blitz"]
[Site "Chess.com"]
[Date "2021.02.02"]
[Round "9"]
[White "MarceloPlaya"]
[Black "petrkostenko"]
[Result "0-1"]
[WhiteElo "2265"]
[BlackElo "2426"]
[TimeControl "180+1"]
[EndTime "11:47:19 PST"]
[Termination "petrkostenko won on time"]

1. e4 e6 2. d4 d5 3. Nc3 Nf6 4.
Bd3 c5 5. Nf3 Nc6 6. exd5 exd5 7. O-O c4 8. Be2 Bb4 9. Bg5 Be6 10. a3 Ba5 11. Ne5 h6 12. Bh4 g5 13. Bg3 Bxc3 14. bxc3 Ne4 15. Qe1 Qa5 16. Rb1 Nxg3 17. hxg3 Nxe5 18.
dxe5 O-O-O 19. Rb4 g4 20. a4 Qc7 21. Bd1 h5 22.
Qe3 Kb8 23. Be2 h4 24. Rfb1 Bc8 25. Qf4 hxg3 26. fxg3 Rhg8 27. a5 Ka8 28. a6 b6 29. Rd1 Be6 30. Qd4 Rg5 31. Re1 Kb8 32.
Bf1 Kc8 33. Rbb1 Rh8 34. Rbd1 Rhh5 35. Be2 Rxe5 36. Bf1 Rxe1 37. Rxe1 Qc5 38. Re3 Qxd4 39. cxd4 Kc7 40. c3 b5 41. Be2 Kb6 42. Bd1 Kxa6 43. Re2 Kb6 44. Ra2 a5 45. Rb2 Kc6 46. Kf2 Rh1 47. Be2 Rc1 48. Ke3 Rxc3+ 49. Kf4 b4 50. Ke5 Re3+ 51. Kf6 Re4 52. Bd1 Kb5 53. Bc2 Rxd4 54. Ke7 c3 55. Kd6 Rd2 56. Bd1 Rxb2 0-1

[Event "*** Titled Tuesday Blitz"]
[Site "Chess.com"]
[Date "2021.02.02"]
[Round "9"]
[White "GMKrikor"]
[Black "Djager97"]
[Result "0-1"]
[WhiteElo "2779"]
[BlackElo "2591"]
[TimeControl "180+1"]
[EndTime "11:47:22 PST"]
[Termination "Djager97 won by resignation"]

1. Nf3 d5 2. c4 e6 3. e3 Nf6 4. Nc3 Be7 5. b3 O-O 6. Bb2 b6 7. cxd5 exd5 8. d4 Bb7 9. Bd3 Nbd7 10. O-O Re8 11. Rc1 Nf8 12. Ne5 a6 13. f4 Ne6 14.
Qf3 Bb4 15. a3 Bxc3 16. Bxc3 c5 17. dxc5 bxc5 18. Qh3 d4 19. exd4 cxd4 20. Bd2 Rc8 21. Rxc8 Qxc8 22. Rc1 Qd8 23. f5 Nf8 24. Ng4 N8d7 25.
Bg5 Qb6 26. b4 Nxg4 27. Qxg4 Nf6 28. Qh4 Qd6 29. h3 Qd5 30. Qf2 Ne4 31. Bxe4 Qxe4 32. Bd2 Qd3 33. Re1 Rc8 34. f6 Qg6 35. fxg7 Qxg7 36. Rc1 Rxc1+ 37. Bxc1 Qg6 38. Kh2 Qe4 39. Bf4 Kf8 40. Qg3 Ke7 41. Bd2 Ke6 42. Bg5 f5 43. Bf4 Kd5 44. Qg8+ Kc6 45. Qg5 Kb5 46. Bd2 Ka4 47.
Qg3 d3 48. Bf4 Kxa3 49. Bd2 Kb3 50. Qf2 Kc4 51. Bf4 Kb3 52. Qg3 Kc2 53. Qf2+ Qe2 54.
Qg3 Qxg2+ 55. Qxg2+ Bxg2 56. Kxg2 d2 57. Bxd2 Kxd2 58.
Kf3 Kc3 59. b5 axb5 0-1

[Event "*** Titled Tuesday Blitz"]
[Site "Chess.com"]
[Date "2021.02.02"]
[Round "9"]
[White "LenkaPtacnikova"]
[Black "EfrenRamos1"]
[Result "1/2-1/2"]
[WhiteElo "2122"]
[BlackElo "2251"]
[TimeControl "180+1"]
[EndTime "11:47:23 PST"]
[Termination "Game drawn by stalemate"]

1. c4 Nf6 2. g3 g6 3. Bg2 Bg7 4. Nc3 O-O 5. d4 c6 6. e4 d6 7.
Nf3 Bg4 8. h3 Bxf3 9. Bxf3 e5 10. d5 cxd5 11. cxd5 Nbd7 12. O-O Rc8 13. Nb5 Qb6 14. a4 a6 15. Be3 Nc5 16. b4 axb5 17. bxc5 dxc5 18. axb5 Qxb5 19. Qc2 c4 20. Rfb1 Qd7 21.
Bg2 b5 22. Ra5 Rb8 23. Qc3 Rfc8 24. Qxe5 Ng4 25. Qf4 Ne5 26. Ra7 Rb7 27. Rxb7 Qxb7 28. Bd4 Nd3 29. Qe3 Bf8 30. e5 Qd7 31. d6 b4 32. Bd5 Re8 33. Kg2 Bxd6 34. Bxc4 Nxe5 35.
Bxe5 Rxe5 36. Qd3 Qc6+ 37. Kg1 Rc5 38. Bb3 Rc1+ 39. Rxc1 Qxc1+ 40. Kg2 Qc6+ 41. Qd5 Qxd5+ 42. Bxd5 Kg7 43. Kf3 f5 44. g4 Kf6 45. gxf5 Kxf5 46. Bg8 h5 47. Bb3 g5 48. Bc4 Ke5 49. Bf7 h4 50. Kg4 Be7 51. Kf3 Kd4 52. Kg4 Kc3 53. f4 gxf4 54. Kxf4 Kd2 55. Kf3 Kd3 56. Kg2 Ke3 57.
Be6 Kd2 58. Bf7 Kc2 59. Be6 b3 60. Bxb3+ Kxb3 61. Kf3 Kc3 62. Kg2 Kd3 63. Kh1 Ke3 64. Kg1 Kf3 65. Kh1 Kg3 66. Kg1 Bb4 67. Kh1 Be1 68. Kg1 Kxh3 69. Kh1 Kg3 70. Kg1 h3 71. Kh1 Kg4 72. Kg1 Bg3 73. Kh1 Bb8 74. Kg1 h2+ 75.
Kh1 Kh3 1/2-1/2

[Event "*** Titled Tuesday Blitz"]
[Site "Chess.com"]
[Date "2021.02.02"]
[Round "9"]
[White "ridnani2021"]
[Black "Chesswizard_2007"]
[Result "0-1"]
[WhiteElo "2121"]
[BlackElo "2684"]
[TimeControl "180+1"]
[EndTime "11:47:25 PST"]
[Termination "Chesswizard_2007 won by checkmate"]

1. e4 g6 2. d4 Bg7 3. Nc3 d5 4.
e5 c5 5. Nf3 Nc6 6. Be3 cxd4 7.
Nxd4 Nxe5 8. Bb5+ Kf8 9. O-O a6 10. Be2 Nc6 11. Nb3 Nf6 12. Bf3 e6 13. Bc5+ Kg8 14. a4 Bd7 15. a5 Rc8 16. Bb6 Qe8 17. Nc5 Nd8 18. b4 Bf8 19. Qd4 Be7 20. Rab1 Nc6 21.
Qd2 Ne5 22. Be2 Bc6 23. f4 Nc4 24. Bxc4 dxc4 25. Rbd1 Nd5 26. Nxd5 Bxd5 27. Qd4 Qf8 28. c3 Qg7 29. Rfe1 Qxd4+ 30. Rxd4 Bf6 31. Nd7 Bg7 32. Re3 h5 33. Rd1 Kh7 34. Nc5 Bh6 35. g3 h4 36.
Ne4 Bg7 37. Bd4 Kg8 38. g4 f5 39.
Ng5 Rc6 40. gxf5 gxf5 41. Kf2 Bxd4 42. Rxd4 Kg7 43. h3 Kf6 44. Re5 Rg8 45. Re3 Rc7 46. Rd1 Re7 47. Rde1 Rge8 48. Rd1 Rb8 49. Rde1 b6 50. Ra1 e5 51. axb6 Rxb6 52. Rae1 e4 53.
Ra1 Rg7 54. Re2 Rxg5 55. fxg5+ Kxg5 56. Rea2 Bb7 57. Ra5 Kf4 58. Rg1 Rd6 59. Ke2 Bc8 60. Rf1+ Kg3 61. Rc5 Bd7 62. Rxc4 Bb5 63. Rxf5 Bxc4+ 64. Ke3 Kxh3 65. Rc5 Bd3 66. Rh5 Rg6 67. Kd4 Kg4 68.
Rh8 h3 69. c4 Kg3 70. c5 h2 71.
Kd5 e3 72. c6 e2 73. c7 Bf5 74. c8=Q Bxc8 75. Rxc8 e1=Q 76. Rc3+ Qxc3 77. b5 h1=Q# 0-1